AoeStats
← ogipochi_

Arabia

503424049Analyzed
4v4 RM · 1mo ago on Aug 31, 2026· 49m 20s· 8 players
Game mode
Random Map
Map size
Large (8 player)
Population
200
Speed
Normal
Resources
Standard
Victory
Conquest
Starting age
Dark Age
Ending age
Imperial Age
RankedLock teamsTeams togetherTeam positionsShared explorationLock speedFull tech treeHidden civsTurbo modeCheats
Victory
Defeat
🇹🇷 Britons · Türkiye
903
+15
🇯🇵 Wei · Japan
832
+18
🇨🇳 Turks · China
828
+18
🇮🇹 Romans · Italy
825
+18
🇵🇰 Khmer · Pakistan
895
-48
🇱🇧 Malians · Lebanon
878
-17
🇺🇸 Goths · United States
871
-17
🇨🇿 Britons · Czechia
870
-17
Deadshot
9:04 Loom
10:50 Feudal Age
17:38 Castle Age
19:33 Fletching
20:28 Gold Mining
23:58 Crossbowman
32:38 Bodkin Arrow
34:51 Wheelbarrow
36:12 Stone Mining
zabreyski
12:14 Feudal Age
17:26 Castle Age
15:51 Double-Bit Axe
18:25 Bow Saw
22:00 Forging
21:57 Scale Barding Armor
22:33 Wheelbarrow
27:04 Stone Mining
27:06 Gold Mining
30:24 Hand Cart
34:25 Imperial Age
32:56 Iron Casting
34:25 Chain Barding Armor
34:27 Cavalier
35:12 Onager
38:15 Husbandry
38:56 Plate Barding Armor
39:20 Conscription
38:32 Heavy Camel Rider
41:12 Bloodlines
Wild Nût Buster
11:10 Feudal Age
14:13 Gold Mining
14:37 Double-Bit Axe
16:25 Wheelbarrow
17:04 Stone Mining
21:24 Castle Age
22:22 Crossbowman
26:16 Horse Collar
27:59 Bow Saw
29:12 Pikeman
29:39 Arson
33:49 Imperial Age
33:20 Stone Shaft Mining
33:23 Gold Shaft Mining
32:51 Heavy Plow
34:21 Hand Cart
35:08 Padded Archer Armor
35:01 Fletching
42:22 Chemistry
42:52 Conscription
42:41 Town Watch
43:27 Town Patrol
Surfer's Gambit
0:28 Loom
11:04 Feudal Age
12:34 Double-Bit Axe
12:30 Horse Collar
12:45 Gold Mining
14:13 Wheelbarrow
13:24 Town Watch
20:55 Castle Age
18:57 Scale Mail Armor
18:20 Man-at-Arms
21:09 Town Watch
21:53 Hand Cart
21:50 Pikeman
22:31 Squires
22:42 Heavy Plow
23:07 Town Watch
26:37 Forging
26:43 Chain Mail Armor
31:10 Bow Saw
33:20 Iron Casting
32:36 Fletching
35:49 Imperial Age
37:29 Halberdier
38:11 Perfusion
38:31 Conscription
38:40 Guilds
40:50 Two-Man Saw
40:22 Crop Rotation
40:28 Anarchy
39:59 Elite Huskarl
42:31 Stone Mining
46:07 Blast Furnace
ogipochi_
8:37 Loom
11:19 Feudal Age
11:43 Horse Collar
11:49 Double-Bit Axe
12:00 Stone Mining
13:13 Wheelbarrow
12:36 Gold Mining
14:04 Wheelbarrow
20:25 Castle Age
19:31 Bloodlines
20:24 Forging
21:27 Bow Saw
21:21 Heavy Plow
24:42 Gold Shaft Mining
26:23 Man-at-Arms
29:18 Tuntian
29:53 Fortified Wall
33:51 Imperial Age
31:46 Scale Barding Armor
32:55 Hand Cart
33:41 Iron Casting
33:49 Chain Barding Armor
33:33 Husbandry
33:58 Town Watch
34:45 Ballistics
35:22 Conscription
36:44 Chemistry
36:29 Heavy Hei Guang Cavalry
39:39 Elite Tiger Cavalry
45:34 Blast Furnace
YellowyGnu8986
0:29 Loom
12:16 Feudal Age
16:08 Castle Age
14:13 Horse Collar
15:51 Wheelbarrow
15:42 Gold Mining
17:06 Heavy Plow
17:08 Double-Bit Axe
22:14 Bow Saw
24:10 Hand Cart
31:31 Gold Shaft Mining
30:46 Stone Mining
32:26 Forging
32:07 Fletching
32:18 Padded Archer Armor
35:57 Imperial Age
35:19 Iron Casting
34:40 Bodkin Arrow
35:01 Leather Archer Armor
34:54 Squires
34:40 Arson
36:32 Scale Barding Armor
36:40 Thumb Ring
38:02 Two-Man Saw
38:37 Ballistics
39:22 Blast Furnace
38:37 Bracer
39:34 Ring Archer Armor
42:31 Chain Barding Armor
BrunoMontalcino
10:03 Feudal Age
10:42 Double-Bit Axe
10:24 Man-at-Arms
11:02 Loom
12:13 Scale Mail Armor
13:02 Horse Collar
18:37 Wheelbarrow
21:18 Fletching
21:28 Padded Archer Armor
21:40 Forging
27:43 Castle Age
28:50 Chain Mail Armor
28:31 Bodkin Arrow
28:51 Leather Archer Armor
29:18 Squires
31:31 Elite Skirmisher
32:50 Iron Casting
32:19 Long Swordsman
37:15 Bow Saw
45:49 Imperial Age
47:01 Capped Ram
50:04 Hand Cart
Börü 𐰋𐰇𐰼𐰇
0:37 Loom
2:11 Loom
10:01 Feudal Age
15:18 Double-Bit Axe
20:53 Castle Age
20:05 Wheelbarrow
22:22 Fletching
22:33 Padded Archer Armor
22:25 Crossbowman
23:27 Bodkin Arrow
26:12 Bow Saw
27:10 Hand Cart
27:43 Squires
27:48 Pikeman
30:29 Leather Archer Armor
30:42 Ballistics
30:19 Murder Holes
30:47 Treadmill Crane
31:22 Stone Mining
31:23 Gold Mining
32:59 Yeomen
36:42 Imperial Age
33:58 Town Watch
36:45 Elite Longbowman
37:50 Conscription
38:35 Bracer
39:05 Ring Archer Armor
38:46 Forging
38:38 Scale Mail Armor
40:01 Two-Man Saw
40:19 Chemistry
39:30 Masonry
45:46 Iron Casting
47:01 Caravan
46:30 Heavy Scorpion
Connection lost

Rejoining the realm…

Still unreachable

The connection could not be restored.

Session expired

The server has moved on; the page needs a fresh start.